 Dungeon Crawl Stone Soup version 0.29.0-7-g18a832c13a (webtiles) character file.

Game seed: 17381859271162149576

1036 Renzlar the Shield-Bearer (level 8, 0/67 HPs)
             Began as a Gnoll Fighter on Aug 31, 2022.
             Slain by a gnoll
             ... wielding a +0 whip
             ... led by a gnoll bouda
              (2 damage)
             ... on level 5 of the Dungeon.
             The game lasted 00:17:47 (3536 turns).

Renzlar the Shield-Bearer (Gnoll Fighter)           Turns: 3536, Time: 00:17:47

Health: 0/67       AC: 11    Str: 17    XL:     8   Next: 24%
Magic:  12/12      EV: 10    Int:  7    God:
Gold:   437        SH:  6    Dex: 13    Spells: 13/13 levels left

rFire   . . .      SeeInvis .   a - +0 war axe (chaos)
rCold   . . .      Faith    .   g - +0 buckler
rNeg    . . .      Spirit   .   b - +0 scale mail {Will+}
rPois   .          Reflect  .   k - +0 helmet
rElec   .          Harm     .   h - +0 cloak
rCorr   .          Rampage  .   f - +0 pair of gloves
Will    +....                   (no boots)
Stlth   +.........              (no amulet)
HPRegen 0.21/turn               (no ring)
MPRegen 0.13/turn               (no ring)

@: invisible
A: fangs 1, strong nose, distributed training
a: no special abilities


You were on level 5 of the Dungeon.
You visited 1 branch of the dungeon, and saw 5 of its levels.

You collected 437 gold pieces.

Inventory:

Hand Weapons
 a - a +0 war axe of chaos (weapon)
 c - a +0 sling
 l - a +2 dagger of holy wrath
Armour
 b - a +0 scale mail of willpower (worn)
 f - a +0 pair of gloves (worn)
 g - a +0 buckler (worn)
 h - a +0 cloak (worn)
 k - a +0 helmet (worn)
Scrolls
 n - a scroll of teleportation
Potions
 d - a potion of mutation {unknown}
 e - a potion of invisibility
 i - 2 potions of curing {unknown}
 j - 2 potions of haste {unknown}
 m - a potion of flight {unknown}
 o - a potion of heal wounds {unknown}


   Skills:
 + Level 7.3 Fighting
 + Level 3.2 Short Blades
 + Level 3.2 Long Blades
 + Level 5.6 Axes
 + Level 3.2 Maces & Flails
 + Level 3.2 Polearms
 + Level 3.2 Staves
 + Level 3.2 Ranged Weapons
 + Level 3.2 Throwing
 + Level 7.3 Armour
 + Level 3.2 Dodging
 + Level 3.2 Stealth
 + Level 7.3 Shields
 + Level 3.2 Unarmed Combat
 + Level 3.2 Spellcasting
 + Level 2.6 Conjurations
 + Level 2.6 Hexes
 + Level 2.6 Summonings
 + Level 2.6 Necromancy
 + Level 2.6 Translocations
 + Level 2.6 Transmutations
 + Level 2.6 Fire Magic
 + Level 2.6 Ice Magic
 + Level 2.6 Air Magic
 + Level 2.6 Earth Magic
 + Level 2.6 Poison Magic
 + Level 3.5 Invocations
 + Level 3.2 Evocations


You had 13 spell levels left.
You didn't know any spells.
Your spell library contained the following spells:

 Spells                   Type           Power      Damage    Failure   Level
 Ensorcelled Hibernation  Hex/Ice        8%         N/A       54%         2
 Portal Projectile        Hex/Tloc       8%         N/A       77%         3
 Spider Form              Tmut/Pois      4%         N/A       77%         3
 Tukima's Dance           Hex            4%         N/A       77%         3
 Anguish                  Hex/Necr       2%         N/A       99%         4
 Animate Armour           Summ/Erth      8%         N/A       99%         4
 Blade Hands              Tmut           2%         N/A       100%        5
 Iron Shot                Conj/Erth      2%         9d2       100%        6
 Chain Lightning          Conj/Air       2%         3d2       100%        9
 Fire Storm               Conj/Fire      2%         8d1       100%        9
 Shatter                  Erth           2%         3d6*      100%        9


Dungeon Overview and Level Annotations

Branches:
Dungeon (5/15)
 Temple: D:4-7

Altars:
Ashenzari
Gozag
Hepliaklqana
Wu Jian

Annotations:
D:4 1 runed translucent door, Kazon's ghost, amateur DgFi


Innate Abilities, Weirdness & Mutations

You have very sharp teeth.
Your uncanny sense of smell can sniff out nearby items.
Your experience applies equally to all skills.


Message History

Unknown command.
You aren't carrying any items that you can evoke.
You fade into invisibility!
The gnoll is no longer moving quickly.
The gnoll bouda hits you with a +0 whip.
* * * LOW HITPOINT WARNING * * *
Unknown command.
You hit the gnoll bouda but do no damage.
The gnoll bouda is lightly wounded.
The gnoll is no longer moving quickly.
The gnoll bouda completely misses you.
You slash the gnoll bouda! You freeze the gnoll bouda.
The gnoll bouda is severely wounded.
You block the gnoll bouda's attack.
You closely miss the gnoll bouda.
The gnoll bouda is severely wounded.
The gnoll is no longer moving quickly.
You block the gnoll bouda's attack.
The gnoll bouda hits you with a +0 whip.
* * * LOW HITPOINT WARNING * * *
Unknown command.
You hit the gnoll bouda. You burn the gnoll bouda. You bite the gnoll bouda.
You kill the gnoll bouda!
The gnoll closely misses you.
You barely miss the gnoll. The gnoll hits you but does no damage.
You slash the gnoll! You burn the gnoll.
You kill the gnoll!
The gnoll closely misses you.
You strike the helpless gnoll from behind!
You hit the gnoll. You freeze the gnoll.
The gnoll is moderately wounded.
The gnoll hits you with a +0 whip.
* * * LOW HITPOINT WARNING * * *
Unknown command.
You closely miss the gnoll.
The gnoll is moderately wounded.
The gnoll misses you.
You strike the helpless gnoll from behind!
You slash the gnoll!
The gnoll is almost dead.
The gnoll hits you with a +0 whip.
You die...

.## ... ..# .... #.# ...
#.# .. #.### ### ####.
#...#.... ∆.....###
#.....# #...###)..#
####..ggg@..## .##
#.#....).###### ..#
#.#.##..##
..####.#.##..############
.... ..........##.......#
..#####...##†#.##.......#
.....(#...##...##...)...#
.......[..##............#
......#...###..##.......#


You could see 3 gnolls.

Vanquished Creatures
  Eustachio (D:4)
  A water moccasin (D:5)
  An ogre (D:5)
  A gnoll sergeant (D:5)
  A scorpion (D:4)
  3 howler monkeys
  The ghost of Vadun the Shield-Bearer, a weakling VSFi (D:3)
  An orc priest (D:3)
  4 hounds
  A gnoll bouda (D:5)
  An iguana (D:5)
  An orc wizard (D:4)
  Robin (D:2)
  2 gnolls (D:5)
  9 adders
  2 worms (D:3)
  2 dart slugs
  9 orcs
  5 ball pythons
  11 endoplasms
  3 giant cockroaches (D:3)
  12 goblins
  7 hobgoblins
  5 jackals
  4 quokkas
  4 frilled lizards
  7 kobolds
  2 rats (D:3)
102 creatures vanquished.

Vanquished Creatures (others)
  14 plants (D:5)
14 creatures vanquished.

Grand Total: 116 creatures vanquished

Notes
Turn   | Place    | Note
-------+----------+-------------------------------------------
     0 | D:1      | Renzlar the Gnoll Fighter began the quest for the Orb.
     0 | D:1      | Reached XP level 1. HP: 23/23 MP: 1/1
    32 | D:1      | Reached XP level 2. HP: 18/29 MP: 2/2
   711 | D:2      | Reached XP level 3. HP: 35/35 MP: 3/3
   898 | D:2      | Reached skill level 1 in Invocations
   920 | D:2      | Found a faded altar of an unknown god.
   954 | D:2      | Noticed Robin
   965 | D:2      | Killed Robin
   966 | D:2      | Reached skill level 1 in Short Blades
   966 | D:2      | Reached skill level 1 in Long Blades
   966 | D:2      | Reached skill level 1 in Maces & Flails
   966 | D:2      | Reached skill level 1 in Polearms
   966 | D:2      | Reached skill level 1 in Staves
   966 | D:2      | Reached skill level 1 in Ranged Weapons
   966 | D:2      | Reached skill level 1 in Throwing
   966 | D:2      | Reached skill level 1 in Dodging
   966 | D:2      | Reached skill level 1 in Stealth
   966 | D:2      | Reached skill level 1 in Unarmed Combat
   966 | D:2      | Reached skill level 1 in Spellcasting
   966 | D:2      | Reached skill level 1 in Evocations
  1114 | D:2      | Reached XP level 4. HP: 39/41 MP: 5/5
  1295 | D:3      | Found a runed translucent gate.
  1295 | D:3      | Found a runed translucent gate.
  1295 | D:3      | Found a runed translucent gate.
  1297 | D:3      | Found an opulent altar of Gozag.
  1298 | D:3      | Noticed Vadun's ghost (weakling VSFi)
  1317 | D:3      | Reached skill level 1 in Conjurations
  1317 | D:3      | Reached skill level 1 in Hexes
  1317 | D:3      | Reached skill level 1 in Summonings
  1317 | D:3      | Reached skill level 1 in Necromancy
  1317 | D:3      | Reached skill level 1 in Translocations
  1317 | D:3      | Reached skill level 1 in Transmutations
  1317 | D:3      | Reached skill level 1 in Fire Magic
  1317 | D:3      | Reached skill level 1 in Ice Magic
  1317 | D:3      | Reached skill level 1 in Air Magic
  1317 | D:3      | Reached skill level 1 in Earth Magic
  1317 | D:3      | Reached skill level 1 in Poison Magic
  1322 | D:3      | Killed Vadun's ghost
  1323 | D:3      | Reached XP level 5. HP: 35/47 MP: 5/7
  1966 | D:3      | Reached XP level 6. HP: 53/53 MP: 8/8
  2153 | D:3      | You fall into a shaft and drop 1 floor!
  2164 | D:4      | Reached skill level 5 in Axes
  2167 | D:4      | Noticed Eustachio
  2187 | D:4      | Killed Eustachio
  2614 | D:4      | Noticed Kazon's ghost (amateur DgFi)
  2661 | D:4      | Reached XP level 7. HP: 59/59 MP: 10/10
  2691 | D:4      | Found a broken altar of Ashenzari.
  2692 | D:4      | Found a runed translucent door.
  2897 | D:4      | Found an ornate altar of the Wu Jian Council.
  3017 | D:4      | Found a hazy altar of Hepliaklqana.
  3166 | D:5      | Entered Level 5 of the Dungeon
  3410 | D:5      | Reached XP level 8. HP: 59/67 MP: 12/12
  3530 | D:5      | HP: 2/67 [gnoll bouda/+0 whip (4)]
  3536 | D:5      | Slain by a gnoll

Illustrated notes

Levels and vault maps discovered:
D:1:      amcnicky_arrival_double_pillar, layout_rooms, amethyst_killhole
D:2:      wander_river, layout_rooms, chequers_ecumenical_altar_simple_redux,
          uniq_robin
D:3:      layout_basic, ebering_ghost_gozag
D:4:      layout_cave_pools, ashenzari_conservatory_becter,
          nicolae_hepliaklqana_hippocampus, nzn_wu_jian_contemplation,
          hellmonk_ghost_happy_afterlife, kennysheep_generic_room_3,
          uniq_eustachio
D:5:      layout_loops_cross, lemuel_mausoleum_altar_kikubaaqudgha,
          nicolae_grassy_gnolls, uniq_pikel

Skill      XL: |  1  2  3  4  5  6  7 |
---------------+----------------------+-----
Invocations    | 1 2 3 |  3.5
Short Blades   | 1 2 3 |  3.2
Long Blades    | 1 2 3 |  3.2
Maces & Flails | 1 2 3 |  3.2
Polearms       | 1 2 3 |  3.2
Staves         | 1 2 3 |  3.2
Ranged Weapons | 1 2 3 |  3.2
Throwing       | 1 2 3 |  3.2
Dodging        | 1 2 3 |  3.2
Stealth        | 1 2 3 |  3.2
Unarmed Combat | 1 2 3 |  3.2
Spellcasting   | 1 2 3 |  3.2
Evocations     | 1 2 3 |  3.2
Conjurations   | 1 2 |  2.6
Hexes          | 1 2 |  2.6
Summonings     | 1 2 |  2.6
Necromancy     | 1 2 |  2.6
Translocations | 1 2 |  2.6
Transmutations | 1 2 |  2.6
Fire Magic     | 1 2 |  2.6
Ice Magic      | 1 2 |  2.6
Air Magic      | 1 2 |  2.6
Earth Magic    | 1 2 |  2.6
Poison Magic   | 1 2 |  2.6
Axes           | 5 |  5.6
Fighting       | 7 |  7.3
Armour         | 7 |  7.3
Shields        | 7 |  7.3

Action                   |  1- 3 |  4- 6 |  7- 9 || total
-------------------------+-------+-------+-------++-------
Melee: War axe           |    98 |   117 |    79 ||   294
       Bite              |     7 |    12 |     6 ||    25
 Fire: Sling             |    27 |    57 |    46 ||   130
  Use: Scroll            |     3 |     5 |     1 ||     9
       Potion            |       |     1 |     1 ||     2
 Stab: Invisible         |       |       |     2 ||     2
Armor: Scale mail        |    44 |    57 |    43 ||   144
Dodge: Dodged            |    35 |    43 |    41 ||   119
Block: Buckler           |    14 |    34 |    21 ||    69
